 Dungeon Crawl Stone Soup version 0.31.0-11-ge490571c62 (webtiles) character file.

Game seed: 6093299445212918980

10311 Ofeo the Skirmisher (level 11, -14/91 HPs)
             Began as a Barachi Hunter on Jan 27, 2024.
             Was an Initiate of Gozag.
             Demolished by an ice devil (16 damage)
             ... on level 8 of the Dungeon.
             The game lasted 00:17:23 (11309 turns).

Ofeo the Skirmisher (Barachi Hunter)               Turns: 11309, Time: 00:17:23

Health: -14/91     AC: 10    Str: 12    XL:     11   Next: 60%
Magic:  0/11       EV: 15    Int: 11    God:    Gozag
Gold:   643        SH:  0    Dex: 19    Spells: 10/10 levels left

rFire   . . .        a - +1 shortbow (drain)
rCold   . . .        (shield currently unavailable)
rNeg    . . .        i - +1 swamp dragon scales
rPois   +            D - +0 helmet
rElec   .            f - scarf {harm}
rCorr   +            e - +0 pair of gloves
SInv    .            (no boots)
Will    .....        y - amulet of guardian spirit
Stlth   ++           j - ring of resist corrosion
HPRegen 0.35/turn    (no ring)
MPRegen 0.12/turn

%: harm (+30% outgoing, +20% incoming), guardian spirit
@: gold aura, unable to hop, slow
A: amphibious, slowness 1, strong legs 1, +LOS
a: Hop, Renounce Religion, Potion Petition, Call Merchant, Bribe Branch


You were on level 8 of the Dungeon.
You worshipped Gozag.
Gozag was pleased with you.
You visited 2 branches of the dungeon, and saw 10 of its levels.
You also visited: Bailey.

You collected 756 gold pieces.
You paid 113 gold pieces to Gozag.

Inventory:

Hand Weapons
 a - a +1 shortbow of draining (weapon)
 o - a +4 rapier
Armour
 e - a +0 pair of gloves (worn)
 f - a scarf of harm (worn)
 i - +1 swamp dragon scales (worn)
 k - a +0 robe of fire resistance
 D - a +0 helmet (worn)
 E - a scarf of resistance
Jewellery
 j - a ring of resist corrosion (left hand)
 y - an amulet of guardian spirit (around neck)
 B - a ring of flight
Wands
 c - a wand of paralysis (8)
Scrolls
 g - a scroll of blinking {@r4}
 s - 2 scrolls of fear
 v - 2 scrolls of teleportation {@r3}
 w - 2 scrolls of fog
 F - a scroll of revelation
Potions
 d - a potion of curing {unknown}
 h - 2 potions of heal wounds {@q2}
 l - 2 potions of invisibility {unknown}
 m - 3 potions of might {@q4}
 p - a potion of lignification {unknown}
 q - 2 potions of degeneration {unknown}
 r - 2 potions of cancellation {unknown}
 t - a potion of enlightenment {unknown}
 x - 3 potions of resistance {unknown}
 z - a potion of ambrosia {unknown}
 A - a potion of magic {unknown}
 C - a potion of haste {unknown}
 G - a potion of mutation {unknown}
 R - a potion of berserk rage


   Skills:
 + Level 10.3 Fighting
 - Level 14.0 Ranged Weapons
 + Level 9.4 Dodging
 - Level 1.8 Stealth


You had 10 spell levels left.
You didn't know any spells.
Your spell library contained the following spells:

 Spells                   Type           Power      Damage    Failure   Level
 Apportation              Tloc           0%         N/A       63%         1
 Necrotise                Necr           0%         1d4       63%         1
 Sting                    Conj/Alch      0%         1d3       63%         1
 Summon Small Mammal      Summ           0%         N/A       63%         1
 Mercury Vapours          Alch/Air       0%         N/A       77%         2
 Inner Flame              Hex/Fire       0%         N/A       94%         3
 Mephitic Cloud           Conj/Alch/Air  0%         N/A       94%         3
 Freezing Cloud           Conj/Ice/Air   0%         6-21      100%        5
 Irradiate                Conj/Alch      0%         3d11      100%        5
 Haunt                    Necr/Summ      0%         N/A       100%        7
 Borgnjor's Revivificati  Necr           0%         N/A       100%        8
 Ignition                 Fire           0%         3d3       100%        8
 Death's Door             Necr           0%         N/A       100%        9


Dungeon Overview and Level Annotations

Branches:
Dungeon (9/15)             Temple (1/1) D:7          Bailey (visited)
   Lair: D:8-11         Orc: D:9-12

Altars:
Ashenzari
Cheibriados
Dithmenos
Elyvilon
Gozag
Kikubaaqudgha
Makhleb
Nemelex Xobeh
Okawaru
Qazlal
Ru
Sif Muna
Trog
Wu Jian
Xom
Yredelemnul
Zin
The Shining One

Shops:
D:1 !   D:5 :


Innate Abilities, Weirdness & Mutations

You are amphibious.
You cover ground slowly.
You can hop short distances.
You have an extended range of vision and can be seen from far away.


Message History

Okay, then.
Okay, then.
You shoot an arrow.
The arrow hits the ice devil but does no damage.
MP restored: 11 You shoot an arrow.
The arrow hits the ice devil!
The ice devil is moderately wounded.
The ice devil hits you. The ice devil freezes you!
You take 17 damage, and have 72/91 hp.
You now have 9/11 mp.
You shoot an arrow.
The arrow hits the ice devil but does no damage.
The ice devil is moderately wounded.
The ice devil hits you. The ice devil freezes you!
You take 10 damage, and have 62/91 hp.
You now have 8/11 mp.
You shoot an arrow. The arrow hits the ice devil!
The ice devil is heavily wounded.
The ice devil closely misses you.
You shoot an arrow. The arrow closely misses the ice devil.
The arrow hits the quasit.
You kill the quasit!
You shoot an arrow. The arrow hits the ice devil.
The ice devil is heavily wounded.
The ice devil hits you! The ice devil freezes you!
You take 29 damage, and have 33/91 hp.
MASSIVE DAMAGE!!
You now have 4/11 mp.
You shoot an arrow. The arrow hits the ice devil.
The ice devil is heavily wounded.
The ice devil barely misses you.
You shoot an arrow. The arrow barely misses the ice devil.
The ice devil hits you!
* * * LOW HITPOINT WARNING * * *
The ice devil freezes you!
* * * LOW HITPOINT WARNING * * *
You take 21 damage, and have 12/91 hp.
MASSIVE DAMAGE!!
You now have 1/11 mp.
You shoot an arrow.
The arrow completely misses the ice devil.
The ice devil hits you!
* * * LOW HITPOINT WARNING * * *
The ice devil freezes you!
You die...
Your body crumbles into a pile of gold.

##...........###.########
#...........# #.#
##.).....)...# #.#
...#######...###.#
...+.....'...)..>#
...#######...###.#
.........#...# #$#
##.......#...# #4#
#.......#...# #@#
#.......#...# #.#
#.......#...# #.#
#########...# #.# #...#
#...# #.# #...# ##### #.#
#...# ##### #.# #...#
#...# #.# #...# #...# #.#


You could see an ice devil.

Vanquished Creatures
  2 vault guards (Bailey)
  2 two-headed ogres
  Maurice (D:8)
  Maggie (D:8)
  An orange demon (D:9)
  An unseen horror (D:8)
  A blink frog (Bailey)
  Prince Ribbit (D:6)
  Sigmund (D:3)
  A wyvern (D:7)
  6 humans (Bailey)
  10 yaks
  A steam dragon (D:7)
  A water moccasin (D:6)
  A sky beast (D:6)
  2 black bears
  4 centaurs
  2 phantoms
  15 bullfrogs
  2 scorpions
  A gnoll sergeant (D:8)
  9 wights
  3 howler monkeys (D:8)
  3 hounds
  3 jellies (D:5)
  A quasit (D:8)
  3 gnoll boudas
  A bombardier beetle (D:5)
  An orc priest (D:6)
  6 iguanas
  2 sleepcaps
  4 orc wizards
  24 gnolls
  10 adders
  A shadow imp (D:6)
  2 white imps
  4 ufetubi
  A dart slug (D:4)
  A ribbon worm (D:5)
  19 orcs
  6 ball pythons
  7 bats
  3 endoplasms
  3 giant cockroaches
  8 hobgoblins
  16 jackals
  2 quokkas
  2 frilled lizards
  15 goblins
  7 kobolds
  3 rats
227 creatures vanquished.

Vanquished Creatures (collateral kills)
  A goblin (D:4)
  A hobgoblin (D:4)
  A ball python (D:4)
3 creatures vanquished.

Grand Total: 230 creatures vanquished

Notes
Turn   | Place    | Note
-------+----------+-------------------------------------------
     0 | D:1      | Ofeo the Barachi Hunter began the quest for the Orb.
     0 | D:1      | Reached XP level 1. HP: 17/17 MP: 1/1
    13 | D:1      | Reached skill level 1 in Stealth
   173 | D:1      | Found Vaecid's Distillery.
   358 | D:1      | Reached XP level 2. HP: 23/23 MP: 2/2
   501 | D:1      | Reached XP level 3. HP: 29/29 MP: 3/3
  1336 | D:2      | You fall into a shaft and drop 2 floors!
  1441 | D:4      | Reached XP level 4. HP: 32/35 MP: 4/4
  2290 | D:3      | Reached skill level 5 in Ranged Weapons
  2291 | D:3      | Found an iron altar of Okawaru.
  2327 | D:3      | Reached XP level 5. HP: 20/41 MP: 5/5
  2722 | D:3      | Noticed Sigmund
  2731 | D:3      | Killed Sigmund
  2732 | D:3      | Reached skill level 6 in Ranged Weapons
  2732 | D:3      | Reached XP level 6. HP: 31/47 MP: 6/6
  2859 | D:3      | Found a stormy altar of Qazlal.
  3168 | D:4      | Reached skill level 7 in Ranged Weapons
  3233 | D:4      | Noticed a black bear
  3237 | D:4      | Killed a black bear
  3238 | D:4      | Reached XP level 7. HP: 52/52 MP: 7/7
  3341 | D:4      | Reached skill level 8 in Ranged Weapons
  3881 | D:5      | Entered Level 5 of the Dungeon
  4338 | D:5      | Reached skill level 9 in Ranged Weapons
  4349 | D:5      | Reached XP level 8. HP: 58/58 MP: 8/8
  4849 | D:5      | Reached skill level 10 in Ranged Weapons
  5240 | D:5      | Found Ducliukh's Book Shop.
  5882 | D:6      | Reached skill level 11 in Ranged Weapons
  6104 | D:6      | Reached XP level 9. HP: 64/64 MP: 9/9
  6300 | D:6      | Noticed Prince Ribbit
  6311 | D:6      | Killed Prince Ribbit
  6312 | D:6      | Reached skill level 12 in Ranged Weapons
  6370 | D:6      | Found a sparkling altar of Nemelex Xobeh.
  6757 | D:7      | Found a flagged portal.
  6784 | Bailey   | Entered a bailey
  7037 | Bailey   | Reached skill level 13 in Ranged Weapons
  7185 | Bailey   | Reached XP level 10. HP: 47/70 MP: 7/10
  7396 | Bailey   | Reached skill level 14 in Ranged Weapons
  7509 | Bailey   | Noticed a vault guard
  7527 | Bailey   | Killed a vault guard
  7528 | Bailey   | Reached skill level 5 in Fighting
  7528 | Bailey   | Reached skill level 5 in Dodging
  7760 | Bailey   | Noticed a vault guard
  7795 | Bailey   | Killed a vault guard
  9110 | D:7      | Found a staircase to the Ecumenical Temple.
  9120 | Temple   | Entered the Ecumenical Temple
  9131 | Temple   | Became a worshipper of Gozag Ym Sagoz the Greedy
  9241 | D:8      | Reached XP level 11. HP: 65/86 MP: 7/11
  9585 | D:8      | Found a basalt altar of Yredelemnul.
  9643 | D:8      | Found a white marble altar of Elyvilon.
  9934 | D:8      | Noticed Maurice
  9956 | D:8      | Something stole a +4 rapier
  9957 | D:8      | Something stole a ring of flight
  9969 | D:8      | Paralysed by something for 3 turns
  9977 | D:8      | Something stole 115 gold
  9979 | D:8      | Something stole 391 gold
  9981 | D:8      | Killed Maurice
 10071 | D:8      | Noticed Maggie
 10082 | D:8      | Killed Maggie
 10099 | D:8      | Noticed a two-headed ogre
 10105 | D:8      | Killed a two-headed ogre
 10389 | D:9      | Noticed a two-headed ogre
 10394 | D:9      | Killed a two-headed ogre
 10395 | D:9      | Reached skill level 10 in Fighting
 11309 | D:8      | HP: 2/91 [ice devil (11)]
 11309 | D:8      | Demolished by an ice devil

Illustrated notes

Levels and vault maps discovered:
D:1:      evilmike_arrival_hilbert_curve, layout_rooms, serial_shops,
          nicolae_shop_temple_entry_statues_fountains, minmay_tall_x
D:2:      layout_basic
D:3:      layout_rooms, kennysheep_okawaru_gauntlet, marbit_many_paths,
          st_stairs_2, uniq_sigmund
D:4:      layout_loops_ring
D:5:      mumra_celtic_spiral_tile, layout_cave_pods, serial_shops, shop,
          grunt_ministairs_6, nicolae_half_adder
D:6:      wad_crossroads, layout_gridville, mainiacjoe_overflow_small_starburst,
          uniq_prince_ribbit1
D:7:      layout_gridville, lemuel_temple_firewalk_b, enter_bailey_5,
          kb_lookout_dungeons_type
D:8:      layout_basic, kennysheep_mini_moat, elyvilon_altar_3, uniq_maggie,
          uniq_maurice
D:9:      layout_stronghold, gammafunk_temple_overflow_claw, serial_demonic,
          serial_demonic_d, serial_demonic_e, serial_demonic_c,
          serial_demonic_f, st_stairs_7, minivault_25, chequers_mini_garden
Temple:   nicolae_temple_figure_eight

Skill      XL: |  1  2  3  4  5  6  7  8  9 10 11 |
---------------+----------------------------------+-----
Stealth        | 1 |  1.8
Fighting       | 3 8 10 | 10.3
Ranged Weapons | 5 6 7 9 11 13 14 | 14.0
Dodging        | 7 9 |  9.4

Action                     |  1- 3 |  4- 6 |  7- 9 | 10-12 || total
---------------------------+-------+-------+-------+-------++-------
   Fire: Shortbow          |    79 |    96 |   356 |   384 ||   915
Ability: Hop               |     1 |       |     3 |     4 ||     8
  Evoke: Wand              |       |       |     9 |     7 ||    16
    Use: Scroll            |     5 |     3 |     4 |     7 ||    19
         Potion            |       |       |       |     1 ||     1
 Armour: Leather armour    |     7 |       |       |       ||     7
         Ring mail         |    14 |    35 |   122 |   101 ||   272
         Swamp dragon scal |       |       |       |    24 ||    24
  Dodge: Dodged            |    27 |    43 |   104 |    84 ||   258
